AoeStats
← NuMa | Gacha

Arabia

507583748Analyzed
2v2 RM · 15d ago on Sep 18, 2026· 53m 58s· 4 players
Game mode
Random Map
Map size
Medium (4 player)
Population
200
Speed
Normal
Resources
Standard
Victory
Conquest
Starting age
Dark Age
Ending age
Imperial Age
RankedLock teamsTeams togetherTeam positionsShared explorationLock speedFull tech treeHidden civsTurbo modeCheats
Victory
Defeat
🇪🇸 Franks · Spain
1042
+18
🇪🇸 Vietnamese · Spain
1010
+19
🇨🇴 Italians · Colombia
1096
-19
🇹🇷 Mongols · Türkiye
1075
-18
juanjinpoker
10:35 Feudal Age
11:10 Double-Bit Axe
13:02 Wheelbarrow
13:12 Loom
13:55 Scale Barding Armor
16:30 Forging
22:10 Castle Age
21:06 Gold Mining
23:03 Husbandry
24:15 Chain Barding Armor
24:56 Iron Casting
33:05 Hand Cart
35:54 Imperial Age
35:55 Cavalier
37:47 Bow Saw
38:03 Conscription
38:38 Plate Barding Armor
39:54 Blast Furnace
40:18 Paladin
47:12 Gold Shaft Mining
47:05 Elite Skirmisher
48:38 Imperial Skirmisher
50:53 Padded Archer Armor
50:44 Fletching
52:03 Leather Archer Armor
Keywar
3:30 Loom
9:59 Feudal Age
11:20 Wheelbarrow
10:32 Double-Bit Axe
10:29 Horse Collar
24:36 Castle Age
23:40 Gold Mining
24:58 Fletching
25:08 Padded Archer Armor
24:50 Elite Skirmisher
26:13 Elite Skirmisher
27:05 Bodkin Arrow
27:26 Leather Archer Armor
28:28 Thumb Ring
34:00 Crossbowman
40:30 Imperial Age
38:16 Hand Cart
38:13 Bow Saw
38:04 Heavy Plow
41:04 Hand Cart
43:21 Imperial Age
44:25 Ballistics
44:08 Imperial Skirmisher
47:02 Arbalester
48:07 Paper Money
51:38 Bracer
52:08 Ring Archer Armor
Eru
9:01 Feudal Age
9:40 Loom
9:54 Double-Bit Axe
16:34 Fletching
17:08 Gold Mining
20:39 Castle Age
18:42 Gold Mining
18:33 Horse Collar
21:50 Thumb Ring
21:42 Bodkin Arrow
22:48 Bow Saw
32:00 Scale Barding Armor
32:18 Forging
33:03 Chain Barding Armor
32:54 Forging
35:52 Imperial Age
33:15 Stone Mining
37:08 Ballistics
38:22 Parthian Tactics
38:17 Cavalier
40:10 Bracer
44:27 Bloodlines
44:17 Husbandry
44:55 Iron Casting
44:20 Padded Archer Armor
44:57 Heavy Cavalry Archer
46:10 Heavy Cavalry Archer
NuMa | Gacha
7:19 Loom
10:19 Feudal Age
10:49 Double-Bit Axe
18:43 Forging
19:48 Bloodlines
20:21 Scale Barding Armor
23:16 Castle Age
21:17 Gold Mining
23:56 Scale Mail Armor
23:20 Pikeman
24:52 Stone Mining
27:25 Iron Casting
28:51 Chain Barding Armor
31:18 Husbandry
32:32 Fletching
33:29 Padded Archer Armor
35:13 Stone Shaft Mining
35:02 Bow Saw
34:40 Town Watch
35:45 Wheelbarrow
37:53 Hand Cart
41:38 Imperial Age
39:40 Bodkin Arrow
40:41 Leather Archer Armor
42:05 Elite Genoese Crossbowman
42:11 Elite Genoese Crossbowman
43:14 Conscription
43:15 Bracer
45:14 Ring Archer Armor
46:14 Town Watch
47:32 Blast Furnace
46:48 Chain Mail Armor
47:48 Squires
47:34 Arson
50:16 Pirotechnia
Connection lost

Rejoining the realm…

Still unreachable

The connection could not be restored.

Session expired

The server has moved on; the page needs a fresh start.